CapCaveMan, chaotic male giant Caveman ---------- ------ |........| |<...| |........| .....| |.%......| |....| #-*......`| |....-###########-----X---- |....| h --%--- # CapCaveMan the Cave Man Experience level: 11 Strength: 18/25 Dexterity: 15 Constitution: 18 Intelligence: 7 Wisdom: 9 Charisma: 8 Health: 0(100) Energy: 40(40) Def: 17 Gold: 318 Moves: 28097 Dungeon seed: Sx5CEwc76DYAoqWt Game ID: CapCaveMan_1524371671 Your Inventory: Coins $ - 318 gold pieces Amulets e - an uncursed amulet of flying l - an uncursed amulet of reflection (being worn) Weapons b - an uncursed +2 sling c - a blessed +3 elven short sword named Sword of Victory C - a blessed +5 dwarvish mattock named Mattock of Sorrow (weapon in hand) E - a blessed +3 orcish dagger named Dagger of Reckoning Armor d - an uncursed +0 elven shield (being worn) n - a blessed +4 pair of speed boots (being worn) s - an uncursed +0 pair of leather gloves v - a cursed +0 pair of low boots Comestibles F - 8 uncursed tripe rations H - 6 uncursed food rations Scrolls h - an uncursed scroll of water i - an uncursed scroll of teleportation B - an uncursed scroll of create monster S - an uncursed scroll of light Potions p - an uncursed potion of invisibility A - an uncursed potion of oil Rings k - an uncursed ring of shock resistance m - a cursed ring of polymorph o - an uncursed ring of see invisible t - an uncursed ring of sustain ability G - an uncursed ring of slow digestion (on left hand) I - a cursed -1 ring of gain strength Wands L - an uncursed wand of polymorph (0:3) U - an uncursed wand of magic missile (0:6) Y - an uncursed wand of cancellation (0:1) Tools a - an uncursed -1 unicorn horn g - an uncursed bugle j - an uncursed stethoscope q - an uncursed skeleton key u - an uncursed sack R - an uncursed tin opener W - an uncursed magic lamp Gems r - an uncursed amethyst x - 5 uncursed flints M - an uncursed luckstone Boulders/Statues w - an uncursed boulder y - an uncursed boulder z - an uncursed boulder J - an uncursed boulder N - an uncursed boulder T - an uncursed boulder V - an uncursed boulder X - an uncursed boulder Contents of the sack: 10 [uncursed] [+0] arrows a [cursed] [-4] bow 7 [cursed] [-1] crossbow bolts a [uncursed] clove of garlic a [uncursed] cream pie a [uncursed] melon 4 [uncursed] sprigs of wolfsbane 2 uncursed scrolls of earth an uncursed scroll of remove curse a [uncursed] spellbook of jumping a [uncursed] potion of confusion a [blessed] potion of healing a potion of holy water a [cursed] potion of oil an uncursed potion of paralysis a [blessed] potion of paralysis 3 uncursed potions of water a [uncursed] wand of striking [0:4] Spells and supernatural/magical abilities: Name Level Category Fail Memory j - jumping 1 escape 100% 73% m - magic missile 2 attack 100% 37% v - clairvoyance 3 divination 100% 37% x - extra healing 3 healing 100% 58% B - cure blindness 2 healing 100% 43% H - haste self 3 escape 100% 43% W - pray for help -- divine ? -- Your skills at the end: Miscellaneous Skills bare handed combat [Basic] shield [Basic] wands [Basic] stealth [Skilled] Weapon Skills knife [Basic] pick-axe [Basic] two-handed sword [Basic] club [Skilled] sling [Basic] Spellcasting Skills Final Attributes: You were stridently aligned. You were fire resistant. You were poison resistant. You were telepathic. You had infravision. You were invisible. You were somewhat stealthy. You could teleport. You had slower digestion. You were very fast. You had reflection. You were unlucky. You had extra luck. Bad luck did not time out for you. Good luck did not time out for you. Anshar was angry with you. You are dead. Vanquished creatures: a vampire lord a vampire a lieutenant a queen bee 2 giant mimics an umber hulk a wumpus a baby long worm a long worm a stalker a giant mummy a giant zombie a warg a quantum mechanic 4 small mimics 2 xans an ettin mummy 2 wood golems a pyrolisk a flaming sphere a tiger a tengu a gelatinous cube an ochre jelly a chameleon 3 leocrottas 2 wraiths an ettin zombie a leather golem a succubus a giant beetle a wolf 3 winter wolf cubs a black light a panther 49 leprechauns 4 quivering blobs 2 lizards a mumak 7 giant spiders 2 ice vortices 2 forest centaurs 2 gnome kings 2 orc mummies a dwarf mummy 2 rust monsters 4 owlbears 4 yetis a gold golem 4 piranhas 2 neanderthals a dog 5 dingos 2 jaguars 5 dwarf lords 3 blue jellies a water nymph 2 white unicorns 2 gray unicorns a black unicorn a dust vortex 2 ravens 3 plains centaurs 3 gnome mummies 4 Woodland-elves 5 snakes 3 human zombies 3 soldier ants a fire ant 9 yellow lights 29 bugbears an imp 7 Mordor orcs 3 rock moles 4 rock piercers 3 ponies 2 fog clouds 3 shriekers 4 violet fungi 18 gnome lords 7 gnomish wizards 4 kobold mummies a black naga hatchling a golden naga hatchling 2 guardian naga hatchlings 2 gray oozes a barrow wight a paper golem 3 giant ants 3 puppies 9 floating eyes a kitten 22 dwarves 2 homunculi 4 kobold lords a kobold shaman 10 iguanas 3 hill orcs 11 rothes 3 rabid rats 2 centipedes 4 jitterbugs 4 giant bats an orc zombie 5 dwarf zombies a werejackal 28 killer bees 3 coyotes 4 gas spores 5 hobbits 4 acid blobs 2 large kobolds 8 geckos 19 hobgoblins 15 giant rats 6 cave spiders 2 brown molds 7 yellow molds a green mold 5 red molds 68 gnomes 16 garter snakes 12 manes 2 gnome zombies 5 jackals a fox 4 kobolds 10 newts 12 goblins 3 sewer rats 2 grid bugs 9 bats 11 lichens 3 kobold zombies 640 creatures vanquished. Genocided species: cockatrices 1 species genocided. Voluntary challenges: You did not cause conflict. You were not displaced. You used a wielded weapon 843 times, starting on turn 609. You did not use plumbed fixtures. You read items or engraved 71 times, starting on turn 5490. You genocided 1 type of monster, starting on turn 16177. You never polymorphed an object. You changed form 1 time, starting on turn 22079. You cheated 109 times but completed Sokoban on turn 20198. You used no wishes. You never split a pudding. You never wrote Elbereth's name. You violated your moral code, losing 20 points of alignment, starting on turn 8892. Dungeon overview: The Dungeons of Doom: levels 1 to 17 Level 1 a long staircase Level 2 stairs to The Gnomish Mines Level 3 a scroll shop, an altar to Anshar, a fountain Level 4 Level 5 Level 6 a fountain Level 7 a general store Level 8 some fountains Level 9 many fountains Level 10 stairs to Sokoban Level 11 a temple to Anshar Level 12 a fountain Level 13 an altar to Anshar, some fountains Level 14 Level 15 Level 16 some fountains, a sink portal to The Quest Level 17 <- You were here The Gnomish Mines: levels 3 to 11 Level 3 stairs to The Dungeons of Doom Level 4 Level 5 Level 6 some shops, some altars to Ishtar and Moloch, a magic chest, some fountains Level 7 Level 8 Level 9 Level 10 Level 11 a magic chest, some fountains The Quest: Level 1 a magic chest portal to The Dungeons of Doom Sokoban: levels 6 to 9 Level 6 a magic chest Level 7 Level 8 Level 9 a magic chest stairs to The Dungeons of Doom History has recorded: On T:1 you entered the Dungeons of Doom to retrieve the Amulet of Yendor! On T:815 you reached level 2 of The Dungeons of Doom. On T:1079 you prayed to Anshar. On T:1441 you reached level 1 of The Gnomish Mines. On T:1500 you advanced to experience level 2. On T:1518 you advanced to experience level 3. On T:1985 you reached level 2 of The Gnomish Mines. On T:2039 you prayed to Anshar. On T:2070 you advanced to experience level 4. On T:2598 you advanced to experience level 5. On T:3962 you reached level 3 of The Gnomish Mines. On T:4068 you advanced to experience level 6. On T:4700 you reached level 4 of The Gnomish Mines. On T:5077 you reached level 5 of The Gnomish Mines. On T:5226 you prayed to Anshar. On T:5388 you entered the Minetown temple On T:5730 you advanced to experience level 7. On T:6100 you reached level 6 of The Gnomish Mines. On T:6961 you reached level 7 of The Gnomish Mines. On T:7170 you advanced to experience level 8. On T:7340 you prayed to Anshar. On T:8131 you reached level 3 of The Dungeons of Doom. On T:8223 you reached level 4 of The Dungeons of Doom. On T:9125 you reached level 5 of The Dungeons of Doom. On T:9205 you reached level 6 of The Dungeons of Doom. On T:9517 you reached level 7 of The Dungeons of Doom. On T:9918 you reached level 8 of The Dungeons of Doom. On T:11041 you reached level 9 of The Dungeons of Doom. On T:11268 you reached level 10 of The Dungeons of Doom. On T:12563 you prayed to Anshar. On T:12713 you opened a magic chest. On T:13312 you reached level 8 of The Gnomish Mines. On T:13429 you reached level 9 of The Gnomish Mines. On T:13429 you reached the bottom of the Mines. On T:13625 you advanced to experience level 9. On T:18091 you reached level 4 of Sokoban. On T:18111 you reached level 11 of The Dungeons of Doom. On T:18619 you advanced to experience level 10. On T:18670 you reached level 3 of Sokoban. On T:19026 you reached level 2 of Sokoban. On T:19606 you reached level 1 of Sokoban. On T:20198 you entered the Sokoban zoo. On T:21290 you reached level 12 of The Dungeons of Doom. On T:22117 you reached level 13 of The Dungeons of Doom. On T:22137 you reached level 14 of The Dungeons of Doom. On T:23770 you reached level 15 of The Dungeons of Doom. On T:23770 you entered the Rogue tribute level. On T:24901 you reached level 16 of The Dungeons of Doom. On T:24942 you advanced to experience level 11. On T:25069 you reached level 1 of The Quest. On T:28031 you reached level 17 of The Dungeons of Doom. On T:28097 you prayed to Anshar. Score breakdown: Gold: 318 ( 31 points) Experience: 11 levels ( 1000 points) Exploration: 17 levels ( 480 points) Discoveries: 81 items ( 2000 points) Variety of kills: 134 monsters ( 2000 points) Major goal: Sokoban/Mines ( 1500 points) Survival: died (score multiplied by 3) Total score: 21033 Latest messages: The ettin hits you! You miss the ettin. (2x) The ettin swings her pick-axe at you. The ettin just misses! The ettin swings her pick-axe at you. The ettin hits you! You miss the ettin. The ettin swings her pick-axe at you. The ettin hits you! The ettin swings her pick-axe at you. The ettin hits you! You miss the ettin. The ettin swings her pick-axe at you. The ettin hits you! The ettin swings her pick-axe at you. The ettin hits you! You begin praying to Anshar. The ettin swings her pick-axe at you. The ettin hits you! You die... Final status: Goodbye CapCaveMan the Caveman, killed by an ettin, while praying... You died in The Dungeons of Doom on dungeon level 17 with 21033 points, and 318 pieces of gold, after 28097 moves. You were level 11 with a maximum of 100 hit points when you died.